Construct Light Support Kompanie
Selects Defensive Operations
le.IG 18 Mechanized Group
Selects Registered Artillery
Construct Panzerarmee Kommand
Walking Stuka Rocket Launcher
Selects Prepared Positions
Walking Stuka Rocket Launcher
Walking Stuka Rocket Launcher
Walking Stuka Rocket Launcher
Selects Obice 305mm Barrage
Walking Stuka Rocket Launcher
Selects Towed Cannone da 105/28 Field Howitzer
Pak 38 Anti-tank Gun Team
Construct Panzerarmee Kommand
Walking Stuka Rocket Launcher
Panzerjäger Mechanized Group
Towed Cannone da 105/28 Field Howitzer